Map: [ESL] Waterfall

Players

NXZ

  • Race: Zerg Zerg
  • Spawn Location: 1:00

Ranger - Winner!

  • Race: Protoss Protoss
  • Spawn Location: 7:00

Event: DreamHack SC2 Masters 2022 Atlanta (Online)

VOD

Have the link to the VOD?

Description

Time

  • Played on: Sept. 28, 2022, 4:17 a.m.
  • Length: 12:05

All games in this series

Show
View Real Time Build Order
Export as new Build Order

NXZ Zerg 

Build Orders: Hatch First 

Get SALT Encoding   

  12  0:00  Drone  
  13  0:12  Overlord  
  13  0:16  Drone  
  14  0:30  Drone x2  
  16  0:49  Hatchery  
  15  0:52  Drone  
  15  0:55  Drone  
  17  0:58  Drone  
  18  1:09  Extractor  
  17  1:15  Spawning Pool  
  17  1:17  Drone  
  17  1:21  Drone  
  18  1:29  Drone  
  19  1:39  Drone  
  20  1:49  Overlord  
  20  2:02  Queen x2  
  20  2:03  Zergling x4  
  26  2:12  Drone  
  26  2:13  Metabolic Boost, Drone  
  28  2:22  Drone  
  29  2:23  Drone  
  30  2:36  Hatchery  
  29  2:39  Zergling x2  
  29  2:41  Zergling x2  
  31  2:45  Drone  
  31  2:47  Overlord  
  32  2:54  Queen  
  34  2:58  Drone  
  34  2:59  Drone  
  36  3:08  Queen  
  36  3:09  Overlord  
  38  3:14  Drone x2  
  38  3:16  Drone  
  41  3:20  Drone  
  41  3:22  Drone  
  41  3:24  Drone  
  43  3:27  Drone  
  43  3:29  Drone  
  45  3:40  Drone x2  
  45  3:48  Drone x4  
  45  3:49  Drone  
  45  3:55  Roach Warren  
  49  3:57  Drone  
  49  3:59  Drone  
  49  4:00  Drone  
  52  4:06  Overlord  
  52  4:08  Drone x2  
  54  4:14  Drone x3  
  57  4:20  Overlord x2  
  57  4:24  Overlord  
  57  4:26  Zergling x6  
  57  4:28  Zergling x2  
  57  4:30  Zergling x2  
  62  4:34  Spore Crawler x2  
  62  4:37  Lair  
  60  4:40  Queen  
  62  4:52  Zergling x16  
  69  4:59  Overlord  
  69  5:01  Overlord  
  69  5:04  Drone  
  69  5:05  Drone x2, Extractor  
  69  5:06  Extractor  
  68  5:10  Roach x3  
  68  5:12  Roach x2  
  78  5:18  Roach  
  78  5:20  Drone x2  
  78  5:24  Drone  
  78  5:26  Drone  
  78  5:28  Spore Crawler, Drone  
  80  5:35  Overlord  
  80  5:36  Overseer  
  78  5:45  Queen  
  75  5:50  Drone x2  
  75  5:51  Drone  
  75  5:53  Spore Crawler  
  75  5:57  Zergling x16  
  66  6:11  Roach x4  
  66  6:12  Glial Reconstitution  
  71  6:23  Drone x2  
  70  6:31  Drone x2  
  70  6:32  Drone x5  
  77  6:33  Overseer  
  77  6:42  Drone x3  
  80  6:50  Overlord  
  80  6:51  Drone x2, Evolution Chamber  
  81  6:57  Roach x3  
  81  6:58  Queen  
  88  7:03  Roach x2  
  92  7:17  Roach x6  
  104  7:35  Drone x4  
  107  7:37  Queen x2  
  107  7:41  Drone x2  
  109  7:46  Overlord  
  108  7:59  Drone x3  
  108  8:01  Extractor  
  108  8:03  Infestation Pit, Extractor  
  108  8:04  Hatchery, Ravager x3  
  108  8:05  Ravager  
  111  8:07  Drone x3  
  111  8:08  Drone x2  
  111  8:09  Drone  
  113  8:15  Zergling x2  
  113  8:16  Overlord  
  113  8:18  Overlord  
  114  8:20  Overlord  
  114  8:22  Overlord  
  114  8:23  Zerg Melee Weapons Level 1  
  114  8:27  Baneling Nest  
  114  8:31  Zergling x2  
  110  8:42  Drone x2  
  110  8:47  Drone x2  
  112  8:48  Zergling x2  
  112  8:49  Zergling x18  
  122  8:55  Zergling x2, Extractor  
  122  9:01  Drone x2  
  122  9:13  Ravager x3  
  122  9:14  Ravager x3  
  122  9:15  Zergling x6  
  131  9:17  Queen  
  133  9:26  Drone x12  
  145  9:33  Centrifugal Hooks  
  145  9:34  Zergling x4  
  145  9:35  Zergling x2  
  145  9:37  Zergling x2, Hatchery  
  148  9:45  Zergling x6  
  143  9:52  Roach x6  
  146  9:55  Zergling x6  
  141  10:00  Overseer, Pneumatized Carapace  
  140  10:11  Zergling x18  
  140  10:14  Spore Crawler  
  145  10:22  Zergling x8  
  145  10:30  Zergling x2  
  145  10:31  Zergling x2  
  144  10:36  Drone x7  
  144  10:37  Drone  
  151  10:50  Overlord x2  
  151  10:51  Zergling x2  
  149  10:57  Hatchery  
  149  10:59  Overseer  
  149  11:02  Zergling x4  
  144  11:11  Zergling x18  
  151  11:18  Zergling x2  
  151  11:19  Zergling x4  
  145  11:29  Drone  
  145  11:30  Drone x4  
  145  11:31  Zergling x2  
  145  11:32  Zergling x14  
  149  11:34  Overseer  
  149  11:39  Zergling x8  
Show
View Real Time Build Order
Export as new Build Order

Ranger Protoss - Winner!

Build Orders: 1 Gate Expand, Mass Adepts, Zealot Archon 

Get SALT Encoding   

  12  0:00  Probe  
  13  0:13  Probe  
  14  0:18  Pylon  
  14  0:25  Probe (Chrono Boost)  
  15  0:37  Probe (Chrono Boost)  
  15  0:38  Gateway  
  16  0:45  Probe (Chrono Boost)  
  17  0:51  Assimilator  
  17  0:53  Probe  
  18  1:05  Probe  
  19  1:17  Probe  
  20  1:25  Nexus  
  20  1:34  Cybernetics Core  
  20  1:38  Probe  
  21  1:45  Assimilator  
  21  1:50  Probe  
  22  1:54  Pylon  
  22  2:02  Probe  
  23  2:10  Adept (Chrono Boost)  
  23  2:14  Probe  
  26  2:21  Twilight Council  
  26  2:23  Warp Gate  
  26  2:26  Probe (Chrono Boost)  
  27  2:30  Adept (Chrono Boost)  
  27  2:36  Probe (Chrono Boost)  
  31  2:45  Probe (Chrono Boost)  
  31  2:46  Probe (Chrono Boost)  
  33  2:51  Probe x2 (Chrono Boost)  
  33  2:56  Stalker  
  36  3:02  Resonating Glaives (Chrono Boost)  
  36  3:03  Probe  
  37  3:09  Probe  
  38  3:15  Gateway  
  38  3:16  Probe  
  39  3:22  Probe  
  40  3:28  Probe  
  40  3:34  Probe  
  40  3:41  Probe  
  40  3:45  Gateway  
  40  3:46  Probe  
  40  3:48  Gateway  
  40  3:50  Robotics Facility  
  40  3:54  Probe  
  41  3:59  Pylon  
  41  4:04  Dark Shrine, Probe  
  41  4:09  Assimilator  
  42  4:12  Adept x2  
  42  4:16  Pylon  
  46  4:34  Adept x2  
  46  4:36  Nexus  
  50  4:39  Warp Prism (Chrono Boost)  
  52  4:46  Adept  
  52  4:51  Adept  
  56  4:55  Adept x2  
  60  5:01  Probe x2  
  62  5:11  Pylon  
  62  5:12  Pylon  
  62  5:17  Assimilator  
  62  5:29  Observer, Probe  
  62  5:30  Probe  
  62  5:33  Shield Battery  
  65  5:37  Dark Templar  
  65  5:38  Dark Templar x3  
  65  5:41  Probe  
  72  5:51  Probe x2  
  72  5:53  Probe, Pylon  
  72  5:55  Shield Battery  
  69  6:06  Immortal  
  63  6:25  Probe x3 (Chrono Boost)  
  66  6:28  Blink (Chrono Boost)  
  66  6:29  Sentry x3  
  72  6:33  Archon  
  72  6:34  Adept  
  72  6:35  Probe (Chrono Boost)  
  72  6:36  Probe (Chrono Boost)  
  72  6:37  Probe (Chrono Boost)  
  75  6:44  Gateway  
  75  6:45  Gateway  
  75  6:47  Gateway  
  75  6:48  Immortal (Chrono Boost)  
  75  6:49  Probe  
  75  6:51  Pylon  
  75  6:52  Probe  
  81  6:56  Adept  
  81  6:57  Probe  
  82  7:07  Probe x2, Stalker x3  
  90  7:11  Probe  
  90  7:22  Probe  
  91  7:28  Stalker  
  94  7:31  Gateway  
  94  7:36  Stalker x3  
  99  7:43  Immortal (Chrono Boost)  
  97  7:45  Stalker  
  97  7:48  Nexus  
  97  7:50  Pylon  
  101  7:52  Forge  
  101  8:01  Stalker x2  
  101  8:02  Stalker  
  106  8:08  Stalker  
  106  8:09  Stalker x3  
  114  8:14  Protoss Ground Weapons Level 1 (Chrono Boost)  
  114  8:23  Pylon  
  114  8:24  Pylon  
  114  8:26  Pylon  
  114  8:35  Probe x2  
  114  8:36  Assimilator  
  114  8:37  Immortal (Chrono Boost)  
  114  8:38  Assimilator  
  112  8:47  Stalker x5  
  122  8:49  Probe x3  
  122  8:54  Pylon  
  125  9:00  Dark Templar  
  125  9:01  Probe  
  128  9:08  Observer (Chrono Boost)  
  129  9:12  Stalker  
  129  9:13  Stalker x3  
  129  9:14  Shield Battery  
  129  9:15  Probe x3  
  140  9:17  Pylon  
  140  9:18  Probe  
  139  9:25  Dark Templar  
  135  9:34  Robotics Bay  
  135  9:36  Photon Cannon  
  135  9:38  Robotics Facility, Photon Cannon  
  119  9:58  Charge (Chrono Boost), Zealot x8  
  135  10:32  Disruptor x2  
  135  10:33  Zealot x4  
  135  10:34  Zealot x4  
  147  10:42  Probe (Chrono Boost)  
  149  10:47  Probe (Chrono Boost), Gateway  
  149  10:48  Probe x2 (Chrono Boost)  
  147  10:51  Gateway  
  147  10:52  Gateway  
  147  10:53  Gateway  
  135  11:05  Stalker x3  
  135  11:06  Stalker x5  
  135  11:08  Disruptor x2  
  157  11:11  Probe x2  
  157  11:15  Assimilator  
  159  11:21  Assimilator  
  141  11:39  Pylon  
Tags
 
Add a new tag
Caveats
  • Supply blocks, unpowered buildings, or Contaminate may cause inaccurate times.
  • Supply counts are checked every 10 seconds.